Map: Thunderbird LE

Players

starkiller - Winner!

  • Race: Zerg Zerg
  • Spawn Location: 5:00

Asuna

  • Race: Protoss Protoss
  • Spawn Location: 11:00

VOD

Have the link to the VOD?

Description

Time

  • Played on: Sept. 6, 2019, 4:28 p.m.
  • Length: 12:59
Show
View Real Time Build Order
Export as new Build Order

starkiller Zerg - Winner!

Build Orders: 3 Hatch before Pool 

Get SALT Encoding   

  12  0:00  Drone  
  13  0:10  Drone  
  14  0:14  Extractor  
  14  0:15  Drone  
  15  0:22  Overlord  
  15  0:40  Drone x2  
  17  0:52  Hatchery  
  17  0:56  Drone  
  17  1:28  Hatchery  
  17  1:29  Drone x2  
  18  1:33  Extractor  
  17  1:41  Spawning Pool  
  17  1:45  Drone  
  17  1:49  Drone  
  17  1:53  Drone  
  19  2:05  Drone  
  19  2:06  Drone  
  21  2:13  Drone  
  22  2:18  Drone  
  23  2:25  Drone  
  23  2:27  Queen  
  26  2:30  Queen  
  26  2:36  Metabolic Boost  
  28  2:41  Zergling x2  
  28  2:42  Zergling x2  
  30  2:45  Zergling x2  
  30  2:49  Overlord  
  31  2:52  Drone  
  31  2:53  Drone  
  31  2:57  Drone  
  34  3:08  Drone  
  34  3:09  Queen  
  34  3:11  Drone x2  
  39  3:13  Overlord  
  39  3:16  Drone x2  
  39  3:19  Drone  
  42  3:27  Overlord  
  42  3:35  Overlord  
  42  3:38  Overlord  
  43  3:41  Drone x3  
  43  3:43  Queen  
  43  3:46  Overlord  
  47  3:51  Drone x2  
  49  3:57  Spore Crawler x3  
  49  3:59  Drone x3  
  49  4:02  Drone  
  50  4:03  Drone  
  50  4:07  Drone  
  50  4:09  Drone x2  
  54  4:11  Extractor  
  54  4:13  Drone x2  
  54  4:14  Drone  
  54  4:16  Drone  
  57  4:18  Drone  
  57  4:20  Drone  
  57  4:21  Drone  
  57  4:23  Drone  
  61  4:24  Drone  
  61  4:27  Drone  
  61  4:28  Extractor  
  61  4:29  Drone  
  61  4:30  Drone  
  64  4:38  Extractor  
  63  4:39  Overlord  
  63  4:44  Roach Warren, Lair  
  63  4:45  Drone x2  
  60  4:56  Drone x3  
  60  4:57  Drone x2  
  60  4:58  Drone x3  
  68  5:04  Extractor  
  68  5:06  Overlord  
  67  5:09  Overlord x2  
  67  5:15  Overlord  
  67  5:16  Overlord  
  67  5:26  Roach x5  
  67  5:27  Roach  
  67  5:28  Roach  
  81  5:29  Roach  
  81  5:33  Roach x2  
  81  5:35  Roach  
  86  5:44  Glial Reconstitution, Roach  
  86  5:46  Roach x2  
  86  5:48  Roach x2  
  86  5:49  Roach  
  98  5:56  Roach x3  
  104  5:57  Roach  
  104  5:59  Roach  
  104  6:01  Overlord  
  104  6:03  Roach  
  110  6:05  Roach  
  110  6:09  Zergling x4  
  111  6:11  Zergling x2  
  111  6:12  Zergling x2  
  111  6:13  Zergling x2  
  111  6:15  Zergling x2  
  111  6:16  Zergling x2  
  111  6:17  Zergling x2  
  113  6:19  Zergling x2  
  113  6:22  Overlord x2  
  113  6:24  Zergling x4  
  114  6:26  Zergling x2  
  114  6:30  Zergling x4  
  114  6:31  Zergling x2  
  114  6:32  Overlord  
  114  6:34  Overlord  
  114  6:39  Ravager  
  114  6:40  Ravager x5  
  114  6:41  Ravager  
  114  6:42  Zergling x4  
  114  6:43  Zergling x2  
  114  6:44  Zergling x2  
  114  6:45  Ravager  
  114  6:46  Zergling x2  
  123  6:54  Zergling x2  
  108  7:01  Zergling x2  
  108  7:02  Zergling x8  
  108  7:06  Zergling x4  
  96  7:16  Zergling x4  
  96  7:17  Zergling x6  
  96  7:21  Zergling x6  
  97  7:26  Roach x2  
  97  7:27  Roach x2  
  99  7:33  Zergling x2  
  99  7:35  Zergling x4  
  95  7:46  Drone x3  
  95  7:47  Drone  
  95  7:49  Drone  
  98  7:51  Spire, Drone  
  97  7:59  Drone  
  97  8:00  Drone  
  98  8:06  Extractor  
  98  8:09  Spore Crawler  
  95  8:14  Drone  
  95  8:16  Drone x3  
  95  8:19  Hatchery  
  95  8:21  Drone  
  95  8:22  Drone x2  
  95  8:24  Drone  
  95  8:25  Spore Crawler  
  83  8:36  Drone x4  
  83  8:45  Drone x2  
  83  8:46  Drone  
  80  8:51  Spore Crawler  
  80  8:53  Spore Crawler x2  
  76  8:57  Drone  
  76  8:58  Drone x2  
  76  9:00  Overlord  
  76  9:02  Corruptor x5  
  79  9:03  Corruptor  
  79  9:05  Corruptor, Spore Crawler x2  
  79  9:08  Corruptor x2, Zerg Flyer Weapons Level 1  
  95  9:15  Corruptor x2  
  95  9:16  Corruptor  
  97  9:18  Corruptor x2  
  101  9:26  Overlord x2  
  101  9:28  Corruptor, Zergling x2  
  104  9:34  Evolution Chamber  
  104  9:37  Zergling x2  
  104  9:38  Zergling x10  
  109  9:43  Zergling x4  
  111  9:46  Zergling x4  
  111  9:49  Zergling x6  
  111  9:51  Overlord x2  
  116  9:54  Overlord  
  114  10:13  Zergling x2  
  114  10:14  Zergling x26  
  122  10:23  Zergling x6  
  119  10:37  Zergling x8  
  119  10:38  Zerg Melee Weapons Level 1  
  119  10:40  Zergling x8  
  119  10:42  Baneling Nest  
  124  10:47  Corruptor x5  
  124  10:49  Corruptor  
  124  10:52  Corruptor  
  124  10:58  Corruptor  
  124  11:01  Corruptor  
  128  11:25  Baneling x15  
  128  11:26  Baneling x18  
  125  11:38  Zergling x2  
  125  11:39  Zergling x26  
  125  11:40  Zergling x2  
  125  11:43  Zergling x2  
  108  12:05  Zergling x8  
  108  12:06  Zergling x24  
  115  12:11  Drone  
  115  12:14  Hydralisk Den  
  113  12:16  Zergling x2  
  113  12:22  Zergling x4  
  115  12:24  Zergling x2  
  115  12:25  Zergling x4  
  115  12:26  Baneling x13  
  118  12:40  Hatchery  
Show
View Real Time Build Order
Export as new Build Order

Asuna Protoss 

Build Orders: 1 Gate Expand, Oracle Opening, Phoenix Opening, Mass Phoenix 

Get SALT Encoding   

  12  0:00  Probe  
  13  0:12  Probe  
  14  0:20  Pylon  
  14  0:25  Probe  
  15  0:34  Probe  
  15  0:40  Gateway  
  16  0:43  Probe  
  16  0:49  Assimilator  
  17  0:52  Probe  
  18  1:04  Probe  
  19  1:20  Probe  
  20  1:27  Nexus  
  20  1:36  Cybernetics Core  
  20  1:38  Probe  
  21  1:44  Assimilator  
  21  1:51  Probe  
  22  1:54  Pylon  
  22  2:02  Adept  
  22  2:03  Probe  
  23  2:15  Probe  
  26  2:26  Stargate  
  26  2:27  Probe  
  27  2:32  Adept  
  27  2:35  Probe x2  
  29  2:43  Probe x2  
  31  2:45  Warp Gate  
  33  2:53  Probe  
  33  2:57  Gateway  
  34  3:05  Probe  
  34  3:08  Probe  
  36  3:13  Phoenix  
  36  3:17  Probe  
  39  3:20  Probe  
  39  3:25  Assimilator  
  39  3:27  Assimilator  
  40  3:30  Probe  
  40  3:32  Pylon, Probe  
  42  3:38  Oracle  
  45  3:42  Probe  
  45  3:46  Pylon  
  46  3:50  Probe  
  46  3:54  Probe  
  48  3:57  Stargate  
  48  4:02  Probe  
  49  4:06  Probe  
  50  4:13  Pylon  
  50  4:14  Probe  
  54  4:19  Probe  
  55  4:26  Probe  
  55  4:29  Pylon  
  55  4:30  Phoenix  
  55  4:31  Probe  
  56  4:36  Adept  
  56  4:37  Zealot, Phoenix  
  60  4:38  Probe  
  60  4:43  Probe  
  64  4:46  Phoenix  
  64  4:51  Probe  
  65  4:54  Phoenix  
  65  4:55  Probe  
  68  5:00  Pylon  
  68  5:03  Probe  
  68  5:06  Nexus  
  71  5:07  Probe  
  72  5:15  Phoenix, Probe  
  72  5:19  Probe  
  76  5:25  Pylon  
  76  5:27  Probe  
  76  5:28  Zealot  
  79  5:30  Zealot  
  79  5:32  Phoenix  
  79  5:34  Pylon  
  81  5:41  Probe x2  
  85  5:45  Shield Battery  
  85  5:47  Phoenix  
  87  5:53  Probe x2  
  89  6:00  Fleet Beacon  
  89  6:01  Phoenix  
  91  6:05  Probe x2  
  93  6:16  Protoss Air Weapons Level 1, Phoenix  
  93  6:17  Probe  
  93  6:18  Probe  
  97  6:21  Stalker  
  99  6:25  Stalker  
  99  6:30  Probe x2  
  103  6:39  Void Ray  
  107  6:46  Stalker  
  113  6:53  Stalker  
  105  7:11  Void Ray  
  104  7:21  Zealot  
  98  7:26  Gateway  
  98  7:28  Gateway  
  91  7:30  Gateway  
  91  7:32  Pylon, Probe x2  
  91  7:33  Pylon  
  85  7:43  Probe  
  66  7:44  Probe  
  66  7:47  Probe  
  62  7:54  Zealot x2  
  62  7:58  Pylon  
  62  8:00  Gateway  
  62  8:01  Gateway  
  62  8:04  Pylon  
  60  8:11  Gateway, Probe x2  
  61  8:33  Zealot  
  61  8:34  Zealot x2  
  63  8:43  Pylon  
  63  8:44  Probe x2  
  64  8:56  Probe x2  
  64  8:57  Carrier  
  64  9:00  Zealot  
  64  9:02  Cybernetics Core  
  68  9:07  Probe  
  68  9:08  Probe  
  76  9:15  Probe  
  76  9:16  Probe  
  76  9:24  Probe x2  
  76  9:28  Carrier  
  76  9:34  Probe  
  76  9:35  Probe  
  84  9:47  Probe x2  
  86  9:59  Probe x2  
  88  10:07  Stalker x3  
  88  10:11  Probe x2  
  88  10:18  Stalker  
  88  10:19  Stalker  
  81  10:23  Probe x2  
  83  10:30  Void Ray  
  83  10:35  Probe  
  80  10:49  Void Ray  
  82  10:59  Twilight Council  
  82  11:06  Pylon  
  82  11:18  Zealot x4  
  88  11:23  Zealot  
  92  11:42  Templar Archives  
  92  11:48  Nexus  
  92  11:53  Sentry  
  74  11:56  Sentry  
  74  11:59  Zealot  
  60  12:05  Pylon  
  60  12:06  Zealot x2  
  60  12:07  Pylon, Zealot  
  60  12:23  Pylon  
  60  12:25  Pylon  
  60  12:26  High Templar x2  
  60  12:27  High Templar x2  
  68  12:32  Gateway, Archon x2  
  68  12:34  Pylon  
  68  12:41  Gateway  
Tags
 
Add a new tag
Caveats
  • Supply blocks, unpowered buildings, or Contaminate may cause inaccurate times.
  • Supply counts are checked every 10 seconds.